[Event "*** SCC Grand Prix: Titled Tuesday Blitz"]
[Site "Chess.com"]
[Date "2020.07.07"]
[Round "8"]
[White "colegiodemadrid"]
[Black "Nemsko"]
[Result "1-0"]
[WhiteElo "2416"]
[BlackElo "2290"]
[TimeControl "180+1"]
[EndTime "11:35:48 PDT"]
[Termination "colegiodemadrid won by resignation"]

1. e4 e5 2. Nf3 Nc6 3. Bb5 a6 4. Ba4 Nf6 5. d3 b5 6. Bb3 Be7 7. g4 d6 8. g5 Nh5 9. Bd5 Bd7 10. Bxc6 Bxc6 11. Nxe5 dxe5 12. Qxh5 Qd4 13. Qe2 b4 14.
Nd2 O-O 15. Nc4 f5 16. Be3 Qd7 17. Nxe5 Qe6 18. Nxc6 Qxc6 19. O-O-O fxe4 20. dxe4 Qxe4 21. Rhg1 Kh8 22. Qg4 Qxg4 23. Rxg4 Bd6 24. h4 Rae8 25. h5 Re6 26. h6 Kg8 27. hxg7 Kxg7 28. Rh1 Rh8 29.
Bd4+ Be5 30. Re4 Rhe8 31. Rhe1 Bxd4 32. Rxe6 Rxe6 33. Rxe6 Bxf2 34. Rxa6 Be3+ 35. Kd1 Bxg5 36. Rc6 Bf4 37. Ke2 h5 38. Kf3 Be5 39. c3 bxc3 40. bxc3 Kf7 41. a4 Ke7 42. a5 Kd7 43. Rh6 Kc8 44.
a6 Kb8 45. c4 Ka7 46. Rxh5 Bd6 47. Rh6 Kxa6 48. c5 Kb5 49. cxd6 cxd6 50. Rxd6 1-0

[Event "*** SCC Grand Prix: Titled Tuesday Blitz"]
[Site "Chess.com"]
[Date "2020.07.07"]
[Round "8"]
[White "NowInChess"]
[Black "esrosenberg"]
[Result "0-1"]
[WhiteElo "2140"]
[BlackElo "2284"]
[TimeControl "180+1"]
[EndTime "11:35:49 PDT"]
[Termination "esrosenberg won on time"]

1. e4 e5 2. Bc4 Nf6 3. d3 Nc6 4. Nc3 Bc5 5. f4 d6 6. Nf3 exf4 7.
Bxf4 a6 8. d4 Bb4 9. O-O Bg4 10.
Qd3 Bxf3 11. Rxf3 Nxd4 12. Bxf7+ Kxf7 13. Qc4+ Ke8 14. Qxb4 Nxf3+ 15. gxf3 Qd7 16. Qxb7 Kf7 17. Qb3+ Qe6 18. Qxe6+ Kxe6 19. Bg5 Rhf8 20. Re1 c6 21. Rd1 Rab8 22. b3 h6 23. Bh4 Nh5 24. Kg2 g5 25. Bf2 Nf4+ 26. Kf1 Nh3 0-1

[Event "*** SCC Grand Prix: Titled Tuesday Blitz"]
[Site "Chess.com"]
[Date "2020.07.07"]
[Round "8"]
[White "Juanovic"]
[Black "Ze-Pequeno"]
[Result "0-1"]
[WhiteElo "2072"]
[BlackElo "2235"]
[TimeControl "180+1"]
[EndTime "11:35:49 PDT"]
[Termination "Ze-Pequeno won on time"]

1. e4 e5 2. Nf3 Nc6 3. Bb5 Nf6 4. d3 Bc5 5. O-O d6 6. h3 O-O 7. Bg5 h6 8. Be3 Bb6 9. Nc3 Ne7 10. a4 c6 11. Bc4 Ng6 12. d4 Qe7 13. a5 Bc7 14. dxe5 dxe5 15. Qe2 Be6 16. Rfd1 Nh5 17. Bxe6 fxe6 18.
Nxe5 Ngf4 19. Bxf4 Nxf4 20. Qg4 Bxe5 21. g3 h5 0-1

[Event "*** SCC Grand Prix: Titled Tuesday Blitz"]
[Site "Chess.com"]
[Date "2020.07.07"]
[Round "8"]
[White "Matibar"]
[Black "Vaathi_Coming"]
[Result "0-1"]
[WhiteElo "2756"]
[BlackElo "2899"]
[TimeControl "180+1"]
[EndTime "11:35:50 PDT"]
[Termination "Vaathi_Coming won by resignation"]

1. e4 c5 2. Nf3 Nc6 3. Bb5 d6 4.
O-O Bd7 5. Re1 Ne5 6. a4 Nf6 7. Nc3 e6 8. Nxe5 dxe5 9. d3 Be7 10. Qf3 O-O 11. Qg3 a6 12. Bc4 Qc7 13. Bg5 Nh5 14.
Qh4 Bxg5 15. Qxg5 Nf4 16. a5 Kh8 17. Qh4 f6 18. g3 Ng6 19. Qh3 f5 20. Qg2 f4 21. h4 Rf6 22. Qh3 Raf8 23. h5 Ne7 24. g4 f3 25. g5 Rf4 26. Kh2 Nc6 27. Rg1 Nd4 28. Bb3 Qd8 29. Rg4 Rxg4 30. Qxg4 Rf4 31. Qg3 h6 32. Rh1 hxg5 33. Bc4 Rh4+ 34. Kg1 Ne2+ 35.
Nxe2 fxe2 36. f3 Qxa5 0-1

[Event "*** SCC Grand Prix: Titled Tuesday Blitz"]
[Site "Chess.com"]
[Date "2020.07.07"]
[Round "8"]
[White "VitaliyBernadskiy"]
[Black "Shubinkirill2003"]
[Result "0-1"]
[WhiteElo "2750"]
[BlackElo "2638"]
[TimeControl "180+1"]
[EndTime "11:35:50 PDT"]
[Termination "Shubinkirill2003 won by resignation"]

1. e4 e6 2. d4 d5 3. Nc3 Bb4 4. e5 b6 5. a3 Bf8 6. Nce2 c5 7.
c3 Ba6 8. f4 Ne7 9. Nf3 h5 10.
g3 Qd7 11. b4 Bc4 12. Nd2 Bd3 13. bxc5 bxc5 14. Nb3 Bxe2 15. Bxe2 c4 16. Nc5 Qc6 17.
Bxh5 Nf5 18. Bf3 Bxc5 19. dxc5 Qxc5 20. Qe2 Nd7 21. a4 Rb8 22. Ba3 Qb6 23. Kf1 Ne3+ 24. Ke1 Nf5 25. Qf2 Qb3 26. Bb4 Rxb4 27. cxb4 Qc3+ 28. Kf1 Qxa1+ 29. Kg2 Qd4 30. Qxd4 Nxd4 31. Bg4 Ke7 32. Rd1 Nc6 33. b5 Na5 34. f5 Nc5 35.
fxe6 fxe6 36. Rf1 Rf8 37. Rb1 c3 38. h4 d4 0-1

[Event "*** SCC Grand Prix: Titled Tuesday Blitz"]
[Site "Chess.com"]
[Date "2020.07.07"]
[Round "8"]
[White "Sven_Tica"]
[Black "enzovsky"]
[Result "0-1"]
[WhiteElo "2644"]
[BlackElo "2492"]
[TimeControl "180+1"]
[EndTime "11:35:50 PDT"]
[Termination "enzovsky won by checkmate"]

1. d4 Nf6 2. Nf3 g6 3. Nbd2 d5 4. e3 Bg7 5. b4 a5 6. b5 c5 7.
bxc6 Nxc6 8. a4 O-O 9. Ba3 Ne4 10.
Nxe4 dxe4 11. Nd2 e5 12. c3 Re8 13. Bb5 exd4 14. cxd4 Qg5 15. g3 h5 16. h4 Qd8 17.
O-O Bg4 18. Be2 Bh3 19. Re1 g5 20. hxg5 Qxg5 21. Bxh5 Rad8 22. Rc1 Nxd4 23. Rc5 Qh6 24. exd4 Bxd4 25. Bxf7+ Kxf7 26. Rh5 Qf6 27. Qe2 Bxf2+ 28. Kh2 Rxd2 29. Qxd2 Bxe1 30. Qxe1 Bg4 31. Rh4 Rh8 32. Rxh8 Qxh8+ 33. Kg1 Bf3 34. Kf2 Qh2+ 35. Ke3 Qc2 36. Qc1 Qd3+ 37. Kf4 Kg6 38. Be7 Bg2 39. Ke5 Qxg3+ 40.
Kd5 e3+ 41. Kd4 e2 42. Qc2+ Kf7 43. Qxe2 Qf4+ 44. Kc5 Qb4# 0-1

[Event "*** SCC Grand Prix: Titled Tuesday Blitz"]
[Site "Chess.com"]
[Date "2020.07.07"]
[Round "8"]
[White "Usurpov"]
[Black "Maaikee"]
[Result "0-1"]
[WhiteElo "2387"]
[BlackElo "2299"]
[TimeControl "180+1"]
[EndTime "11:35:50 PDT"]
[Termination "Maaikee won by checkmate"]

1. e4 e6 2. d4 d5 3. e5 c5 4. c3 Nc6 5. Nf3 Bd7 6. a3 Rc8 7. Bd3 cxd4 8. cxd4 Qb6 9. Bc2 g5 10. h3 h5 11. Nc3 Bh6 12. Na4 Qc7 13. Be3 g4 14.
hxg4 hxg4 15. Ng5 Nxe5 16. Rc1 Nc4 17. Nc5 Nxe3 18. fxe3 Qg3+ 19. Kf1 Qxe3 20. Nxd7 Qxg5 21. Ne5 Qf4+ 22. Kg1 Qe3+ 23. Kh2 Bf4# 0-1

[Event "*** SCC Grand Prix: Titled Tuesday Blitz"]
[Site "Chess.com"]
[Date "2020.07.07"]
[Round "8"]
[White "DonPreuss"]
[Black "OnePeculiarConundrum"]
[Result "0-1"]
[WhiteElo "2176"]
[BlackElo "2350"]
[TimeControl "180+1"]
[EndTime "11:35:50 PDT"]
[Termination "OnePeculiarConundrum won by resignation"]

1. d4 d5 2. e4 dxe4 3. Nc3 Nf6 4. f3 exf3 5. Nxf3 e6 6. Bd3 Nc6 7. Be3 Bb4 8. O-O Ne7 9. Qe1 Ned5 10. Bd2 Nxc3 11. bxc3 Be7 12. Bg5 c5 13. Qh4 Bd7 14.
Ne5 cxd4 15. cxd4 Qc7 16. Rab1 h6 17. Nxd7 Kxd7 18. Bb5+ Kc8 19. Bf4 Qc3 20. Be5 a6 21.
Rf3 Qa5 22. Bd3 Kd7 23. Rxb7+ Ke8 24. Rxe7+ Kxe7 25. Bxf6+ gxf6 26. Qxf6+ Kd6 27. c4 Qe1+ 28. Rf1 Qe3+ 29. Kh1 Qxd3 30. c5+ Kc6 31. Qxf7 Qe4 32. Rf6 Rae8 33. h3 Rhf8 34. d5+ Qxd5 0-1

[Event "*** SCC Grand Prix: Titled Tuesday Blitz"]
[Site "Chess.com"]
[Date "2020.07.07"]
[Round "8"]
[White "jaskol95"]
[Black "pedromartinez91"]
[Result "0-1"]
[WhiteElo "2405"]
[BlackElo "2554"]
[TimeControl "180+1"]
[EndTime "11:35:51 PDT"]
[Termination "pedromartinez91 won by checkmate"]

1. d4 Nf6 2. c4 g6 3. Nc3 Bg7 4.
e4 O-O 5. Be3 c6 6. Be2 d5 7. cxd5 cxd5 8. e5 Ne4 9. Bd3 Nxc3 10. bxc3 Nc6 11. Ne2 Bd7 12. Qd2 Na5 13. O-O Rc8 14. Bh6 f6 15. Bxg7 Kxg7 16. f4 f5 17. Kh1 e6 18. Rg1 h5 19. Rab1 a6 20. Rgf1 b5 21. Ng1 Qe7 22. Nf3 Rc7 23. Ng5 Rfc8 24. Rfc1 Qa3 25. c4 bxc4 26. Bc2 c3 27.
Qf2 Qe7 28. Qh4 Bb5 29. a4 Bd7 30. Rd1 Nc4 31. Rd3 Nd2 32. Rb6 Rc6 33. Rb7 R8c7 34. Rb8 Ne4 35. Rf3 Nxg5 36. fxg5 Rc8 37. Rb7 R6c7 38. Rb6 Qa3 39. Qe1 Rc6 40. Rb7 R8c7 41. Rb8 Qa2 42. Qd1 Rc8 43. Rb7 R6c7 44. Rb6 a5 45. h3 Qa3 46. g4 hxg4 47. hxg4 Rh8+ 48. Kg1 Rh4 49. gxf5 gxf5 50. Bxf5 exf5 51. e6 c2 52. Qc1 Qxf3 53. exd7 Rh1# 0-1

[Event "*** SCC Grand Prix: Titled Tuesday Blitz"]
[Site "Chess.com"]
[Date "2020.07.07"]
[Round "8"]
[White "Unknown_IM"]
[Black "TST2014"]
[Result "1-0"]
[WhiteElo "2374"]
[BlackElo "2477"]
[TimeControl "180+1"]
[EndTime "11:35:51 PDT"]
[Termination "Unknown_IM won on time"]

1. e4 c5 2. Nf3 Nc6 3. d4 cxd4 4. Nxd4 Nf6 5. Nc3 d6 6. Bg5 e6 7. f4 h6 8. Bh4 Qb6 9. Bf2 Qa5 10. Nb3 Qc7 11. Bd3 a6 12. O-O b5 13. Qe2 Bb7 14.
Rae1 Be7 15. Nd4 Nxd4 16. Bxd4 e5 17. Be3 O-O 18. a3 Rac8 19. Rf3 Bc6 20. Rg3 Kh8 21. Rf1 Qb7 22. Bc1 a5 23. b4 axb4 24. axb4 d5 25. fxe5 Nxe4 26. Bxe4 dxe4 27. Rf5 Bxb4 28. Rh5 e3 29.
Bxe3 Bxg2 30. Bxh6 Qb6+ 31. Be3+ Qh6 32. Bxh6 1-0

[Event "*** SCC Grand Prix: Titled Tuesday Blitz"]
[Site "Chess.com"]
[Date "2020.07.07"]
[Round "8"]
[White "Ceejay271"]
[Black "Lenyas66"]
[Result "0-1"]
[WhiteElo "2327"]
[BlackElo "2481"]
[TimeControl "180+1"]
[EndTime "11:35:51 PDT"]
[Termination "Lenyas66 won by resignation"]

1. c4 e5 2. g3 c6 3. Nf3 e4 4. Nd4 d5 5. cxd5 Qxd5 6. Nc2 Nf6 7. Bg2 Qh5 8. Nc3 Bh3 9. Bxh3 Qxh3 10. Ne3 Na6 11.
d3 O-O-O 12. a3 Nc5 13. b4 Ne6 14. Bb2 Be7 15. Qa4 Kb8 16. b5 exd3 17. bxc6 Nc5 18. c7+ Kxc7 19. Nb5+ Kc8 20. Qxa7 d2+ 21. Kd1 Qe6 22.
Nd4 Qe4 23. Nf3 Nd5 24. Qa8+ Kd7 25. Qa5 Nxe3+ 26. fxe3 Qxe3 27. Be5 f6 28. Qb5+ Ke6 29. Bb2 Qb3+ 30. Qxb3+ Nxb3 31. Rb1 Rc8 32. Bd4 Rc1+ 0-1

[Event "*** SCC Grand Prix: Titled Tuesday Blitz"]
[Site "Chess.com"]
[Date "2020.07.07"]
[Round "8"]
[White "Sofiia_Hryzlova"]
[Black "Julianos82"]
[Result "0-1"]
[WhiteElo "2118"]
[BlackElo "2258"]
[TimeControl "180+1"]
[EndTime "11:35:51 PDT"]
[Termination "Julianos82 won by checkmate"]

1. c4 b6 2. b3 Bb7 3. Bb2 Nf6 4.
Nf3 g6 5. g3 Bg7 6. Bg2 O-O 7.
O-O d6 8. d4 Nbd7 9. Nbd2 Re8 10. Qc2 Rb8 11. Rfd1 a6 12. b4 h6 13. Rac1 e5 14.
dxe5 dxe5 15. e4 Qe7 16. c5 Ba8 17. c6 Nf8 18. Bxe5 Qxb4 19. Bf1 Nxe4 20. Nxe4 Bxe5 21.
Nxe5 Rxe5 22. Nf6+ Kg7 23. Nd7 Nxd7 24. cxd7 Rc5 25.
Qe2 Rxc1 26. Rxc1 Rd8 27. Qe5+ f6 28. Qxc7 Qe4 29. f3 Qe3+ 30. Kg2 Qxf3+ 31. Kh3 Qh5# 0-1

[Event "*** SCC Grand Prix: Titled Tuesday Blitz"]
[Site "Chess.com"]
[Date "2020.07.07"]
[Round "8"]
[White "Zarinur"]
[Black "Evachess2006"]
[Result "1-0"]
[WhiteElo "2048"]
[BlackElo "1616"]
[TimeControl "180+1"]
[EndTime "11:35:51 PDT"]
[Termination "Zarinur won by resignation"]

1. e4 e5 2. Nf3 Nc6 3. Nc3 Nf6 4.
Bb5 d6 5. d4 exd4 6. Nxd4 Bd7 7. Bxc6 Bxc6 8. Qd3 Be7 9. Nf5 O-O 10. O-O Re8 11. Bg5 h6 12. Bxh6 Bf8 13. Bg5 g6 14. Nd4 Bg7 15. Rae1 Qe7 16. Nxc6 bxc6 17. Qc4 c5 18. Nd5 Qd8 19. e5 Rxe5 20. Rxe5 dxe5 21. Rd1 Kh8 22. Qh4+ Kg8 23. Nxf6+ Bxf6 24. Rxd8+ Rxd8 25. g3 Rd1+ 26. Kg2 Bxg5 27. Qxg5 Kg7 28. Qxe5+ Kh7 29.
Qxc5 Rd7 30. Qc6 Rd8 31. Qxc7 Rf8 32. Qxa7 Kg7 33. c4 Rh8 34. c5 Rc8 35. b4 Rd8 36. Qb6 Rc8 1-0

[Event "*** SCC Grand Prix: Titled Tuesday Blitz"]
[Site "Chess.com"]
[Date "2020.07.07"]
[Round "8"]
[White "ichangedmyname_yup"]
[Black "Matveev_Vladimir"]
[Result "0-1"]
[WhiteElo "2402"]
[BlackElo "2549"]
[TimeControl "180+1"]
[EndTime "11:35:52 PDT"]
[Termination "Matveev_Vladimir won by checkmate"]

1. e4 c5 2. Nf3 d6 3. d4 cxd4 4. Nxd4 Nf6 5. Nc3 a6 6. Bc4 e6 7. Bb3 Be7 8. O-O Nc6 9. Nxc6 bxc6 10. Qf3 O-O 11. Qg3 Kh8 12. Kh1 a5 13. a4 Rb8 14. f4 d5 15. f5 Rxb3 16. cxb3 d4 17. e5 dxc3 18. exf6 Bxf6 19. bxc3 exf5 20. Bf4 Be6 21. Rad1 Qe7 22. Bd6 Qe8 23. Bxf8 Qxf8 24. c4 h6 25. Qc7 Qb4 26. Qxc6 Qxb3 27. c5 Bc4 28. Qe8+ Kh7 29. Rb1 Qa2 30. c6 Qxa4 31.
Rf4 Qc2 32. Rg1 Bb5 33. Qxf7 Bxc6 34. Rff1 Be4 35. h3 a4 36. Rc1 Qd3 37. Qh5 a3 38. Rcd1 Qg3 39. Rgf1 Qxg2# 0-1

[Event "*** SCC Grand Prix: Titled Tuesday Blitz"]
[Site "Chess.com"]
[Date "2020.07.07"]
[Round "8"]
[White "isainz"]
[Black "Nara_Kh"]
[Result "0-1"]
[WhiteElo "2150"]
[BlackElo "2288"]
[TimeControl "180+1"]
[EndTime "11:35:52 PDT"]
[Termination "Nara_Kh won on time"]

1. e4 c5 2. Nf3 d6 3. d4 cxd4 4. Qxd4 a6 5. c4 Nc6 6. Qe3 g6 7. Nc3 Bg7 8. Be2 Nf6 9. h3 O-O 10. O-O Nd7 11. Rb1 b6 12. Rd1 Bb7 13. b3 Qb8 14. Bb2 Rd8 15. Nd5 Qa7 16. Bxg7 Kxg7 17. Nd4 e6 18. Nxc6 Bxc6 19. Nb4 Qc7 20. Qd4+ Nf6 21.
Nxc6 Qxc6 22. Bf3 e5 23. Qd3 a5 24. Rbc1 Qc5 25. Kf1 a4 26. Qc3 axb3 27. axb3 Ra2 28. Rc2 Rda8 29. Rdd2 Ra1+ 30. Ke2 Ne8 31. b4 Qc6 0-1

[Event "*** SCC Grand Prix: Titled Tuesday Blitz"]
[Site "Chess.com"]
[Date "2020.07.07"]
[Round "8"]
[White "harlem4brew"]
[Black "PattyCastillo"]
[Result "1-0"]
[WhiteElo "2113"]
[BlackElo "1941"]
[TimeControl "180+1"]
[EndTime "11:35:53 PDT"]
[Termination "harlem4brew won on time"]

1. d4 d5 2. Nf3 Nf6 3. c4 c6 4.
Nc3 e6 5. Bg5 h6 6. Bf4 Bd6 7.
Bxd6 Qxd6 8. Ne5 O-O 9. e3 Nbd7 10. f4 b6 11. Qd2 Bb7 12. a3 Rfd8 13. b4 c5 14. Nb5 Qe7 15. Bd3 a6 16. Nc3 dxc4 17. Bxc4 Rac8 18. Be2 cxb4 19. axb4 Qxb4 20. Rc1 Nxe5 21.
fxe5 Nd5 22. Na2 Qxd2+ 23. Kxd2 a5 24. Rb1 Rc7 25. Rb2 Rdc8 26. Bf3 Bc6 27. Rhb1 b5 28.
Nc1 b4 29. Nd3 Bb5 30. Nc5 Rxc5 31. dxc5 Rxc5 32. Rc1 Rxc1 33. Kxc1 Nxe3 34. Rd2 Nc4 35. Rd8+ Kh7 36. Be4+ g6 37. Rb8 1-0

[Event "*** SCC Grand Prix: Titled Tuesday Blitz"]
[Site "Chess.com"]
[Date "2020.07.07"]
[Round "8"]
[White "JesseKraai"]
[Black "Tekushka"]
[Result "1-0"]
[WhiteElo "2493"]
[BlackElo "2359"]
[TimeControl "180+1"]
[EndTime "11:35:54 PDT"]
[Termination "JesseKraai won on time"]

1. d4 d5 2. c4 c6 3. Nc3 Nf6 4. cxd5 cxd5 5. Bf4 Nc6 6. e3 Bf5 7.
Bb5 e6 8. Qa4 Qb6 9. Nf3 Nd7 10.
O-O Be7 11. Rfc1 O-O 12. Bxc6 bxc6 13. Qb3 c5 14. Qxb6 axb6 15. Nb5 Ra5 16. Nd6 Bg6 17. a3 c4 18. Ne5 Nxe5 19. dxe5 Rfa8 20. f3 b5 21. e4 b4 22. Bd2 bxa3 23. Bxa5 axb2 24. Bc3 Rxa1 25. Rxa1 bxa1=Q+ 26. Bxa1 Kf8 27. exd5 exd5 28. Kf2 Bd8 29. Bd4 Ke7 30. f4 Bd3 31. Ke3 Ba5 32. Nb5 Ke6 33. g4 g6 34. Nd6 1-0

[Event "*** SCC Grand Prix: Titled Tuesday Blitz"]
[Site "Chess.com"]
[Date "2020.07.07"]
[Round "8"]
[White "Onischuk_V"]
[Black "BocharovD"]
[Result "1-0"]
[WhiteElo "2895"]
[BlackElo "2755"]
[TimeControl "180+1"]
[EndTime "11:35:55 PDT"]
[Termination "Onischuk_V won by resignation"]

1. e4 c5 2. Ne2 e6 3. g3 d5 4. Bg2 dxe4 5. Nbc3 f5 6. d3 exd3 7.
cxd3 Nf6 8. O-O Nc6 9. Re1 Be7 10. Nf4 Nd4 11. Be3 O-O 12. Bxd4 cxd4 13. Nb5 a6 14. Na3 Bxa3 15. bxa3 Qd6 16. Qb3 Re8 17. Rac1 Kh8 18. Qb4 Qd8 19. Re5 Ng4 20. Rec5 e5 21. Nd5 a5 22. Qb6 Bd7 23. Nc7 Rb8 24. Qd6 Rf8 25.
h3 Nh6 26. Qxe5 Bc6 27. Ne6 Qd7 28. Nxf8 Rxf8 29. Bxc6 bxc6 30. Rxc6 Nf7 31. Qc5 1-0

[Event "*** SCC Grand Prix: Titled Tuesday Blitz"]
[Site "Chess.com"]
[Date "2020.07.07"]
[Round "8"]
[White "Lagmantr"]
[Black "elohunter1999"]
[Result "0-1"]
[WhiteElo "2643"]
[BlackElo "2479"]
[TimeControl "180+1"]
[EndTime "11:35:56 PDT"]
[Termination "elohunter1999 won by resignation"]

1. e4 e5 2. Nf3 Nc6 3. Be2 Nf6 4. Nc3 Bb4 5. Nd5 Bc5 6. d3 h6 7. Be3 Bxe3 8. Nxe3 d5 9. exd5 Nxd5 10. Qd2 Be6 11. O-O-O Qf6 12. Kb1 O-O-O 13. Nxd5 Bxd5 14. Rhe1 e4 15.
dxe4 Bxa2+ 16. Kxa2 Rxd2 17. Rxd2 Qe6+ 18. b3 Qxe4 19. Bb5 Qg6 20. g3 Nb4+ 21. Kb1 c6 22. Bc4 Rd8 23. Rxd8+ Kxd8 24. Re2 Nd5 25. Ne5 Qf6 26. f4 Nc3+ 27. Kc1 Nxe2+ 28. Bxe2 g5 29. Ng4 Qd4 30. Nxh6 gxf4 31. Nxf7+ Ke7 32. Nh6 Qg1+ 33. Kd2 Qxh2 34. Nf5+ Kf6 35. Nd4 fxg3 36. Nf3 Qf2 37. Ng5 Kxg5 0-1

[Event "*** SCC Grand Prix: Titled Tuesday Blitz"]
[Site "Chess.com"]
[Date "2020.07.07"]
[Round "8"]
[White "MF1966Idrisov"]
[Black "yamalchess"]
[Result "1-0"]
[WhiteElo "2335"]
[BlackElo "2427"]
[TimeControl "180+1"]
[EndTime "11:35:56 PDT"]
[Termination "MF1966Idrisov won on time"]

1. Nf3 Nf6 2. b3 g6 3. Bb2 Bg7 4. c4 O-O 5. g3 d6 6. d4 Nfd7 7. Bg2 Nc6 8. O-O e5 9. dxe5 Ndxe5 10. Nc3 Bf5 11. Qd2 Re8 12. Rfe1 Qd7 13. Nd5 Rad8 14. Rad1 a5 15. Nd4 Nxd4 16. Bxd4 c6 17. Ne3 Qc7 18. Nxf5 gxf5 19. Qg5 c5 20. Ba1 a4 21. Bh3 axb3 22.
axb3 Qa5 23. Bxf5 h6 24. Qh5 Qa2 25. Be4 Qxb3 26. Bd5 Re7 27. f4 Qe3+ 28. Kh1 Nd3 29. exd3 Qxe1+ 30. Rxe1 Rxe1+ 31. Kg2 Rxa1 32. Qxf7+ Kh8 33.
Qxb7 Re8 34. Be4 Ra2+ 35. Kh3 Rf8 36. Qe7 Re2 37. Qxd6 1-0

[Event "*** SCC Grand Prix: Titled Tuesday Blitz"]
[Site "Chess.com"]
[Date "2020.07.07"]
[Round "8"]
[White "Micki-taryan"]
[Black "EvgenyT"]
[Result "1-0"]
[WhiteElo "3052"]
[BlackElo "2882"]
[TimeControl "180+1"]
[EndTime "11:35:57 PDT"]
[Termination "Micki-taryan won by resignation"]

1. Nf3 d5 2. d4 Nf6 3. c4 e6 4. Nc3 Be7 5. Bg5 h6 6. Bxf6 Bxf6 7. e3 c6 8. Rc1 O-O 9. Bd3 Nd7 10. O-O dxc4 11. Bxc4 e5 12. d5 Nb6 13. b3 Bf5 14. e4 Bg4 15. dxc6 Qxd1 16. Nxd1 bxc6 17. Be2 Rac8 18. Ne3 Bxf3 19. Bxf3 Bg5 20. Rc3 Rfd8 21. a4 Bxe3 22. Rxe3 Rd4 23. Rc1 Rc7 24.
Rec3 Rb4 25. h4 Kf8 26. Rxc6 Rxc6 27. Rxc6 Rxb3 28. a5 Na4 29. Rc8+ Ke7 30. Rc7+ Kf6 31. Rxa7 Nc5 32. Be2 Rc3 33. Rc7 Ke6 34. a6 Kd6 35. Rxf7 Rc1+ 36. Kh2 Nxe4 37. a7 Ra1 38. Bf3 Nd2 39.
a8=Q Rxa8 40. Bxa8 1-0

[Event "*** SCC Grand Prix: Titled Tuesday Blitz"]
[Site "Chess.com"]
[Date "2020.07.07"]
[Round "8"]
[White "ErikBlomqvist"]
[Black "Omk124"]
[Result "1-0"]
[WhiteElo "2510"]
[BlackElo "2378"]
[TimeControl "180+1"]
[EndTime "11:35:57 PDT"]
[Termination "ErikBlomqvist won by resignation"]

1. e4 g6 2. d4 Bg7 3. Nf3 c6 4. Nc3 d6 5. Be3 Nf6 6. Qd2 Qa5 7. Bd3 O-O 8. h3 Nbd7 9. O-O Re8 10. a4 e5 11.
dxe5 dxe5 12. Rfd1 Nf8 13. Bc4 Be6 14. Qe2 h6 15. Nd2 Qb4 16. Ra3 Rad8 17. Rb3 Qe7 18. a5 Bxc4 19. Nxc4 Rxd1+ 20. Qxd1 Rd8 21. Qf3 Ne6 22.
Bxa7 Nd4 23. Bxd4 exd4 24. Ne2 Nxe4 25. Nf4 Nc5 26. Ra3 Qe1+ 27. Kh2 Qb4 28. Qe2 Rd7 29. Rf3 Kh7 30. b3 Na6 31. Nd3 Qd6+ 32. g3 Nc5 33. Nxd6 Nxd3 34. Qxd3 Rxd6 35. Rxf7 Kg8 36. Rxb7 c5 37.
a6 Be5 38. Qc4+ 1-0

[Event "*** SCC Grand Prix: Titled Tuesday Blitz"]
[Site "Chess.com"]
[Date "2020.07.07"]
[Round "8"]
[White "LedakovAlexandr"]
[Black "chessplayer9919"]
[Result "1-0"]
[WhiteElo "2503"]
[BlackElo "2643"]
[TimeControl "180+1"]
[EndTime "11:35:58 PDT"]
[Termination "LedakovAlexandr won by checkmate"]

1. d4 Nf6 2. Nf3 e6 3. Bg5 d5 4. Nbd2 Be7 5. e3 O-O 6. Bd3 c5 7. c3 Nc6 8. Ne5 h6 9. Bxf6 Bxf6 10. f4 cxd4 11. exd4 Qb6 12. Rb1 Nxe5 13. fxe5 Be7 14. O-O f6 15. exf6 Bxf6 16. Kh1 Bd7 17. Qe2 Rae8 18.
Nf3 Qc7 19. Rbe1 Re7 20. Bb1 Be8 21. Qd3 g6 22. Ne5 Bxe5 23. Rxf8+ Kxf8 24. Rxe5 Rf7 25. Kg1 Qe7 26. Qe3 Kg7 27. Rxe6 Qf8 28. Rxg6+ Kh8 29.
Rxh6+ Kg8 30. Rg6+ Kh8 31. Qh6+ Rh7 32. Qxf8# 1-0

[Event "*** SCC Grand Prix: Titled Tuesday Blitz"]
[Site "Chess.com"]
[Date "2020.07.07"]
[Round "8"]
[White "Alexandercs432"]
[Black "tan275"]
[Result "0-1"]
[WhiteElo "2125"]
[BlackElo "2270"]
[TimeControl "180+1"]
[EndTime "11:35:58 PDT"]
[Termination "tan275 won on time"]

1. e4 c6 2. d4 d5 3. e5 Bf5 4. h4 h5 5. Bg5 Qb6 6. Bd3 Qxd4 7.
Bxf5 Qxe5+ 8. Ne2 Qxf5 9. O-O e6 10. Nd2 Be7 11. Nf3 Bxg5 12. Nxg5 Nf6 13. Ng3 Qg6 14. Re1 O-O 15. Qe2 Nbd7 16. Rad1 e5 17. c4 e4 18. b4 Ne5 19. cxd5 cxd5 20. Rc1 Nd3 21. Rc7 Nxe1 22. Qxe1 d4 23. N3xe4 Nxe4 24. Nxe4 Rfe8 25. f3 f5 26. Qg3 Qxg3 27. Nxg3 d3 28. Nxh5 d2 29. Rxg7+ Kf8 30. Rd7 Rad8 31. Rh7 d1=Q+ 32.
Kh2 Qd6+ 33. f4 Qd4 34. Rh6 Rd6 35. Nf6 Rxf6 36. Rh8+ Kf7 37. Rh7+ Kg8 0-1

[Event "*** SCC Grand Prix: Titled Tuesday Blitz"]
[Site "Chess.com"]
[Date "2020.07.07"]
[Round "8"]
[White "Rish_97"]
[Black "eljanov"]
[Result "0-1"]
[WhiteElo "2662"]
[BlackElo "2875"]
[TimeControl "180+1"]
[EndTime "11:35:59 PDT"]
[Termination "eljanov won by resignation"]

1. d4 Nf6 2. Nf3 e6 3. c4 d5 4. Nc3 Be7 5. Bg5 h6 6. Bxf6 Bxf6 7. e3 O-O 8. h4 g6 9. Qc2 c5 10. O-O-O cxd4 11. exd4 Nc6 12. g4 Bg7 13. Kb1 b6 14. g5 h5 15. Bg2 Bb7 16. cxd5 Nb4 17.
Qb3 Nxd5 18. Rhe1 Nxc3+ 19. Qxc3 Rc8 20. Qa3 Bd5 21. Bh1 Qc7 22. Rc1 Qf4 23. Qe3 Qg4 24. Ne5 Bxe5 25. dxe5 Bxh1 26. Rxh1 Rxc1+ 27. Kxc1 Qf5 28. b3 Rc8+ 29. Kb2 Qc2+ 30. Ka3 Rc5 31. Qd4 Ra5+ 32. Kb4 Rd5 33. Qc4 Qxa2 34. Qc8+ Kg7 35.
Rc1 Qa5+ 36. Kc4 Rc5+ 0-1

[Event "*** SCC Grand Prix: Titled Tuesday Blitz"]
[Site "Chess.com"]
[Date "2020.07.07"]
[Round "8"]
[White "boasovietica"]
[Black "BJthechessgod"]
[Result "0-1"]
[WhiteElo "2434"]
[BlackElo "2337"]
[TimeControl "180+1"]
[EndTime "11:35:59 PDT"]
[Termination "BJthechessgod won on time"]

1. e4 d6 2. d4 Nf6 3. f3 g6 4.
Ne2 Bg7 5. c4 O-O 6. Nbc3 Nbd7 7.
Be3 e5 8. Qd2 exd4 9. Nxd4 Ne5 10.
Be2 Be6 11. b3 Nc6 12. O-O Nd7 13. Nc2 a6 14. Rac1 Rb8 15. Nd5 Bxd5 16. cxd5 Ne7 17.
Nd4 Re8 18. Rc2 Nc5 19. b4 Na4 20. Rfc1 Rc8 21. Qd3 Qd7 22. Qb3 Nb6 23. b5 a5 24.
Qa3 a4 25. Qb4 h5 26. a3 Kh7 27.
Qd2 Ng8 28. Bd3 Nf6 29. h3 Qe7 30. Bg5 Qe5 0-1

[Event "*** SCC Grand Prix: Titled Tuesday Blitz"]
[Site "Chess.com"]
[Date "2020.07.07"]
[Round "8"]
[White "okriak"]
[Black "volcanoexplorer"]
[Result "1-0"]
[WhiteElo "2724"]
[BlackElo "2585"]
[TimeControl "180+1"]
[EndTime "11:36:01 PDT"]
[Termination "okriak won on time"]

1. e4 e5 2. Nf3 Nc6 3. Bb5 a6 4. Ba4 Nf6 5. O-O Be7 6. Re1 b5 7. Bb3 O-O 8. c3 d6 9. h3 Nb8 10. d4 Nbd7 11. Nbd2 c5 12. Nf1 Qc7 13. Ng3 Rd8 14.
Ng5 c4 15. Bc2 h6 16. Nf3 Nf8 17. Bd2 a5 18. b3 Be6 19. Qe2 Ng6 20. d5 Bd7 21.
bxc4 bxc4 22. Be3 Rdb8 23. Rab1 Bd8 24. Nd2 Bb5 25. Rb2 Ba6 26. Reb1 Rxb2 27. Rxb2 Nd7 28.
Ba4 Nf4 29. Bxf4 exf4 30. Nf5 Ne5 31. Nd4 Bf6 32. Bb5 Rb8 33. a4 Nd3 34. Rc2 Bxb5 35.
Nxb5 Qc5 36. Nf3 Re8 37. Nfd4 g6 38. Nc6 Bh4 39. Qf3 Nxf2 40. Rxf2 Rxe4 41. Nbd4 Bxf2+ 42. Kxf2 Qxd5 43. Ne7+ 1-0